 Dungeon Crawl Stone Soup version 0.17.0-28-g6e173f8 (webtiles) character file.

126 PossumBlood the Chiller (level 4, -8/33 HPs)
             Began as a Demigod Ice Elementalist on Nov 24, 2015.
             Mangled by Crazy Yiuf
             ... wielding a +3 quarterstaff of chaos
              (12 damage)
             ... on level 2 of the Dungeon.
             The game lasted 00:08:21 (1828 turns).

PossumBlood the Chiller (Demigod Ice Elementalist)  Turns: 1828, Time: 00:08:21

Health: -8/33      AC:  6    Str: 11    XL:     4   Next: 55%
Magic:  9/11       EV: 13    Int: 21    God:
Gold:   93         SH:  0    Dex: 16    Spells: 2 memorised, 5 levels left

rFire  . . .     SeeInvis .     g - +1 dagger (freeze)
rCold  . . .     Clarity  .     a - +1 robe
rNeg   . . .     SustAt   +     (no shield)
rPois  .         Gourm    .     (no helmet)
rElec  .         Spirit   .     (no cloak)
rCorr  .         Warding  .     (no gloves)
rMut   .         Stasis   .     n - +2 pair of boots {Stlth+}
MR     .....                    (no amulet)
Stlth  +++.......               (no ring)
                                (no ring)

@: not resistant to hostile enchantments, fairly stealthy
A: high mp 1, sustain attributes
a: no special abilities


You were on level 2 of the Dungeon.
You were not hungry.

You visited 1 branch of the dungeon, and saw 2 of its levels.

You collected 93 gold pieces.

Inventory:

Hand Weapons
 g - a +1 dagger of freezing (weapon)
Armour
 a - a +1 robe (worn)
 n - a +2 pair of boots of stealth (worn)
Jewellery
 h - an uncursed ring of positive energy {unknown}
Scrolls
 i - a scroll of recharging
Potions
 d - a potion of curing {unknown}
 e - a potion of magic {unknown}
 j - a potion of lignification {unknown}
 k - a potion of ambrosia {unknown}
 l - 2 potions of brilliance {unknown}
Books
 b - a book of Frost

   Spells                             Type                      Level
   a - Freeze                         Ice                          1
   b - Throw Frost                    Conjuration/Ice              2
   c - Ozocubu's Armour               Charms/Ice                   3
   d - Throw Icicle                   Conjuration/Ice              4
   e - Summon Ice Beast               Ice/Summoning                4
   f - Condensation Shield            Ice                          4
Comestibles
 c - a royal jelly
 f - a meat ration
 m - a bread ration


   Skills:
 + Level 2.1 Dodging
 + Level 2.3 Stealth
 + Level 2.9 Spellcasting
 + Level 0.8 Conjurations
 + Level 3.9 Ice Magic


You had 5 spell levels left.
You knew the following spells:

 Your Spells              Type           Power        Failure   Level  Hunger
a - Freeze                Ice            ###.         2%          1    None
b - Throw Frost           Conj/Ice       ##....       10%         2    ##.....


Dungeon Overview and Level Annotations

Branches:
Dungeon (2/15)

Annotations:
D:2 Crazy Yiuf


Innate Abilities, Weirdness & Mutations

You have an increased reservoir of magic (+10% MP).
Your attributes are resistant to harm.


Message History

Casting: Freeze
Confirm with . or Enter, or press ? or * to list all spells.
Aiming: Freeze
Press: ? - help, Shift-Dir - straight line, f/p - Crazy Yiuf
Aim: Crazy Yiuf, wielding a quarterstaff of chaos and wearing an embroidered cloak (lightly wounded)
You freeze Crazy Yiuf.
Crazy Yiuf is moderately wounded.
Crazy Yiuf hits you with a quarterstaff of chaos!
You are electrocuted!
* * * LOW HITPOINT WARNING * * *
Casting: Freeze
Confirm with . or Enter, or press ? or * to list all spells.
You don't know that spell.
Unknown command.
Unknown command.
Crazy Yiuf says, "Buddy!
Snoogle mumblescurry sow."
You see here a mace.
Crazy Yiuf cries, "Whippet toodlewoodle high!"
Crazy Yiuf hits you with a quarterstaff of chaos!
You die...

##### #
##...#####
#
#...g@...#
####
#....###.#
#.##
#....# #.#
#...
#....# #.#
#.##
##..)# #.#
#.## ##.##
#.# #.##
##.# #.#
#.# #.##
#.# #.#
##)# #.#
#[#


You could see Crazy Yiuf.

Vanquished Creatures
  Natasha (twice) (D:2)
  3 adders (D:2)
  An ooze (D:2)
  3 worms (D:2)
  9 bats
  5 giant cockroaches
  4 goblins (D:1)
  4 hobgoblins
  9 kobolds
  5 giant newts
  A quokka (D:2)
  13 rats
59 creatures vanquished.

Notes
Turn   | Place    | Note
--------------------------------------------------------------
     0 | D:1      | PossumBlood the Demigod Ice Elementalist began the quest for the Orb.
     0 | D:1      | Reached XP level 1. HP: 14/14 MP: 5/5
    82 | D:1      | Reached skill level 3 in Ice Magic
   213 | D:1      | Reached XP level 2. HP: 17/20 MP: 1/7
   236 | D:1      | Learned a level 2 spell: Throw Frost
   803 | D:2      | Noticed Natasha
   816 | D:2      | Killed Natasha
   816 | D:2      | Reached XP level 3. HP: 18/26 MP: 1/9
   838 | D:2      | Noticed Natasha
   845 | D:2      | Killed Natasha
  1276 | D:2      | Found an opulent altar of Gozag.
  1356 | D:2      | Reached XP level 4. HP: 33/33 MP: 8/10
  1810 | D:2      | Noticed Crazy Yiuf
  1828 | D:2      | Mangled by Crazy Yiuf

Action                   |  1- 3 |  4- 6 || total
-------------------------+-------+-------++-------
Melee: Unarmed           |     8 |       ||     8
       Dagger            |     5 |     1 ||     6
 Cast: Freeze            |    54 |    39 ||    93
       Throw Frost       |     3 |       ||     3
  Use: Scroll            |     5 |     2 ||     7
  Eat: Bread ration      |     1 |       ||     1
